 Dungeon Crawl Stone Soup version 0.24-a0-264-gf46a388 (webtiles) character file.

Game seed: 13442079724591079856

1011 mhoghedin the Fighter (level 8, -2/71 HPs)
             Began as a Centaur Chaos Knight on Apr 20, 2019.
             Was a Plaything of Xom.
             Slain by a slave (6 damage)
             ... led by Pikel
             ... on level 4 of the Dungeon.
             The game lasted 00:06:34 (2970 turns).

mhoghedin the Fighter (Centaur Chaos Knight)        Turns: 2970, Time: 00:06:36

Health: -2/71      AC:  9    Str: 16    XL:     8   Next: 1%
Magic:  8/8        EV:  2    Int:  9    God:    Xom [......]
Gold:   212        SH:  0    Dex: 10    Spells: 7/7 levels left

rFire    . . .     SeeInvis .   k - +0 demon blade (chaos)
rCold    . . .     Gourm    .   (no shield)
rNeg     . . .     Faith    .   d - +1 plate armour
rPois    .         Spirit   .   (no helmet)
rElec    .         Reflect  .   (no cloak)
rCorr    .         Harm     .   (no gloves)
MR       .....                  (no barding)
Stlth    ..........             (no amulet)
HPRegen  0.21/turn              (no ring)
MPRegen  0.11/turn              (no ring)

@: very quick
A: large, hooves 3, deformed body, dopey 1, speed 3, frail 1, tough skin 3,
subdued magic 1
a: Renounce Religion


You were on level 4 of the Dungeon.
You worshipped Xom.
You were a very special plaything of Xom.
You were hungry.

You visited 1 branch of the dungeon, and saw 4 of its levels.

You collected 212 gold pieces.

Inventory:

Hand Weapons
 a - a +0 mace of chaos
 k - a +0 demon blade of chaos (weapon)
   (Xom gifted it to you on level 3 of the Dungeon)
 n - a +0 whip of holy wrath
   (You took it off a kobold on level 2 of the Dungeon)
Armour
 b - a +2 leather armour
 d - a +1 plate armour (worn)
   (You found it on level 1 of the Dungeon)
 u - a +0 pair of gloves
   (You found it on level 3 of the Dungeon)
Jewellery
 v - an uncursed ring of see invisible {unknown}
   (You found it on level 4 of the Dungeon)
Scrolls
 j - 3 scrolls of teleportation
 l - a scroll of remove curse
 o - a scroll of fog {unknown}
 t - a scroll of enchant weapon {unknown}
 w - a scroll of identify
 x - a scroll of magic mapping {!r}
Potions
 f - a potion of ambrosia {unknown}
 g - a potion of resistance {unknown}
 h - a potion of lignification {unknown}
 i - a potion of brilliance {unknown}
 m - a potion of berserk rage {unknown}
 p - 2 potions of heal wounds {unknown}
 q - a potion of curing {unknown}
 r - a potion of degeneration {unknown}
 s - a potion of mutation {unknown}
Comestibles
 c - 6 rations


   Skills:
 + Level 10.2 Fighting
 + Level 9.5 Long Blades
 - Level 4.0 Maces & Flails
 - Level 1.3 Armour
 - Level 0.6 Dodging


You had 7 spell levels left.
You didn't know any spells.
Your spell library was empty.

Dungeon Overview and Level Annotations

Branches:
Dungeon (4/15)
 Temple: D:4-7

Altars:
Ashenzari
Elyvilon
Sif Muna
Trog
Uskayaw

Annotations:
D:4 Pikel


Innate Abilities, Weirdness & Mutations

You have hooves in place of feet.
Armour fits poorly on your strangely shaped body.
You cover ground extremely quickly.
You have extremely tough skin. (AC +3)
You are dopey. (Int -2)
You are frail. (-10% HP)
Your spells are a little easier to cast, but a little less powerful.


Message History

Pikel shouts!
Unknown command.
Xom momentarily opens a gate.
Are you sure you want to stumble around while confused and next to your shadow imp?
Okay, then.
Unknown command.
Unknown command.
Unknown command.
The slave closely misses Pikel.
A slave comes into view.
The slave hits Pikel but does no damage.
The ogre barely misses your ufetubus.
The slave looks very confused.
Pikel smiles. "I know this place well.
And it is filled with the corpses of daring fools like you!
Won't you join me?" The ogre barely misses your ufetubus.
You feel less confused.
The centaur skeleton hits your white imp but does no damage.
Your white imp gestures at the centaur skeleton.
The puff of frost hits the centaur skeleton.
The centaur skeleton resists.
You are feeling hungry.
The slave chortles and stares into space.
The ogre misses your shadow imp.
The centaur skeleton closely misses your white imp.
Your white imp gestures at the centaur skeleton.
The puff of frost hits the centaur skeleton.
The centaur skeleton resists.
Your ufetubus hits the centaur skeleton. x2
The centaur skeleton hits your white imp.
The slave barely misses your ufetubus.
The ogre hits your shadow imp with a +0 giant spiked club!!
Your shadow imp dies!
Your white imp hits the centaur skeleton.
Your white imp freezes the centaur skeleton.
The centaur skeleton resists.
Your ufetubus hits the centaur skeleton. x2
The centaur skeleton is destroyed!
The slave closely misses your ufetubus.
Health restored: 47 The slave seems less confused.
Your white imp hits Pikel but does no damage.
The slave completely misses your ufetubus.
Pikel says, "I knew I should've brought a map."
Pikel misses your ufetubus.
Your plate armour prevents you from hitting the ogre.
Your ufetubus hits the ogre.
Your ufetubus barely misses the ogre.
The slave misses your ufetubus.
The ogre hits you with a +0 giant spiked club.
Your white imp misses Pikel.
The slave hits your ufetubus.
Pikel hits your white imp with a +0 whip of freezing!
Your ufetubus hits the ogre. x2
You take 2 damage, and have 45/47 hp.
You slash the ogre! You burn the ogre. You kick the ogre.
You kill the ogre!
Your Fighting skill increases to level 5!
You have reached level 7!
Your white imp gestures at Pikel.
The puff of frost hits Pikel!
The slave hits your ufetubus. Pikel misses your ufetubus.
You regained 7 hp, and now have 52/54 hp.
MP restored: 7 You closely miss the slave.
Your ufetubus closely misses the slave.
Your ufetubus barely misses the slave.
The slave hits you but does no damage. The slave hits your white imp.
Your white imp dies!
The slave hits your ufetubus.
Your ufetubus dies!
You closely miss Pikel. The slave hits you. x2
You take 9 damage, and have 43/54 hp.
You hit Pikel. The slave hits you. The slave hits you but does no damage.
Pikel hits you but does no damage. The slave hits you.
You take 9 damage, and have 34/54 hp.
You hit Pikel. Your kick misses Pikel. The slave hits you. x2
Pikel hits you but does no damage. The slave hits you. x2
You take 16 damage, and have 18/54 hp.
MASSIVE DAMAGE!!
Unknown command.
You hit Pikel but do no damage.
Pikel hits you with a +0 whip of freezing.
* * * LOW HITPOINT WARNING * * *
Pikel freezes you.
* * * LOW HITPOINT WARNING * * *
The slave hits you but does no damage. The slave hits you.
* * * LOW HITPOINT WARNING * * *
The slave hits you but does no damage. x2
You take 9 damage, and have 9/54 hp.
It was a potion of experience.
You feel more experienced!
Your Fighting skill gained 5 levels and is now at level 10!
Your Long Blades skill gained 5 levels and is now at level 9!
Xom thinks this is hilarious!
You have reached level 8!
You feel agile. Pikel hits you but does no damage. The slave hits you!
* * * LOW HITPOINT WARNING * * *
The slave hits you.
* * * LOW HITPOINT WARNING * * *
The slave hits you.
You die...
Xom bursts into laughter!

.# #...##
#......###.#....###..
#..##
#.....##..#....###...
#.#
##.##..###.......####.
#..
##.####...#..........#.
..#####..#
#.............#..
......(..##
##..##...#####...
#.###.....## #.####.##
##.. ##.##..###.# # ##.
#. #..p@p.# ##.
#....#pKp#..... #..
...####......### #.#
#... #.....## ..# ##
#.....# ...# ........
... .......... ##
##.##...##. .. ....


You could see Pikel and 4 slaves.

Vanquished Creatures
  The ghost of Hasart the Cutter, an amateur KoGl (D:3)
  The ghost of Borgoz the Cutter, an amateur KoGl (D:3)
  An ogre (D:4)
  Ijyb (D:3)
  An iguana (D:4)
  A worker ant (D:4)
  5 adders
  An ooze (D:1)
  2 dart slugs
  A leopard gecko (D:3)
  An orc (D:4)
  6 giant cockroaches
  15 goblins
  8 hobgoblins
  3 jackals (D:3)
  14 kobolds
  2 quokkas
  A ball python (D:1)
  10 bats
  3 frilled lizards
  A leopard gecko skeleton (D:4)
  4 rats
83 creatures vanquished.

Vanquished Creatures (collateral kills)
  A centaur skeleton (D:4)
1 creature vanquished.

Vanquished Creatures (others)
  A goblin (D:3)
  2 withered plants (D:3)
3 creatures vanquished.

Grand Total: 87 creatures vanquished

Notes
Turn   | Place    | Note
-------+----------+-------------------------------------------
     0 | D:1      | mhoghedin the Centaur Chaos Knight began the quest for the
                  | Orb.
     0 | D:1      | Reached XP level 1. HP: 19/19 MP: 1/1
    16 | D:1      | XOM: divination: detect items
    93 | D:1      | XOM: silly message
   141 | D:1      | Reached skill level 3 in Maces & Flails
   142 | D:1      | Reached XP level 2. HP: 19/26 MP: 2/2
   299 | D:1      | XOM: harmless Erth miscast
   321 | D:1      | Reached XP level 3. HP: 29/31 MP: 3/3
   883 | D:2      | Reached skill level 4 in Fighting
   934 | D:2      | Reached XP level 4. HP: 16/40 MP: 4/4
  1224 | D:2      | XOM: divination: magic mapping
  1321 | D:2      | Found a faded altar of an unknown god.
  1448 | D:3      | Found a shattered altar of Ashenzari.
  1448 | D:3      | Found a deep blue altar of Sif Muna.
  1448 | D:3      | Found a bloodstained altar of Trog.
  1448 | D:3      | Found a white marble altar of Elyvilon.
  1564 | D:3      | XOM: blink monster(s)
  1789 | D:3      | Found a runed translucent gate.
  1790 | D:3      | Found a runed translucent gate.
  1790 | D:3      | Found a runed translucent gate.
  1791 | D:3      | Noticed Hasart's ghost (amateur KoGl)
  1792 | D:3      | Noticed Borgoz's ghost (amateur KoGl)
  1887 | D:3      | XOM is BORED!
  1887 | D:3      | XOM: summons 1 hostile shadow creature
  1897 | D:3      | Found a hide-covered altar of Uskayaw.
  1982 | D:3      | Reached skill level 4 in Maces & Flails
  2007 | D:3      | HP: 10/41 [poisoned by an adder]
  2069 | D:3      | XOM: 2-stop teleportation journey
  2127 | D:3      | XOM: god gift: runed demon blade {god gift}
  2234 | D:3      | Noticed Ijyb
  2245 | D:3      | Killed Ijyb
  2245 | D:3      | Reached skill level 1 in Long Blades
  2245 | D:3      | Reached XP level 5. HP: 38/47 MP: 5/5
  2254 | D:3      | XOM: medium Tloc miscast
  2372 | D:3      | XOM: harmless Fire miscast
  2507 | D:3      | Killed Borgoz's ghost
  2507 | D:3      | Reached skill level 3 in Long Blades
  2511 | D:3      | Killed Hasart's ghost
  2511 | D:3      | Reached skill level 4 in Long Blades
  2511 | D:3      | Reached XP level 6. HP: 44/53 MP: 6/6
  2571 | D:4      | XOM: 1-stop teleportation journey
  2623 | D:4      | XOM: give mutations
  2623 | D:4      | Gained mutation: Your spells are a little easier to cast,
                  | but a little less powerful. [Xom's mischief]
  2623 | D:4      | Gained mutation: You cover ground extremely quickly. [Xom's
                  | mischief]
  2623 | D:4      | Gained mutation: You are frail. (-10% HP) [Xom's mischief]
  2623 | D:4      | Gained mutation: You are dopey. (Int -2) [Xom's mischief]
  2898 | D:4      | XOM: harmless Erth miscast
  2952 | D:4      | Noticed a slave
  2952 | D:4      | XOM: confusion (+ monsters)
  2952 | D:4      | Noticed Pikel
  2952 | D:4      | Noticed a slave
  2952 | D:4      | Noticed a slave
  2954 | D:4      | XOM: summons 3 friendly demons
  2956 | D:4      | Noticed a slave
  2964 | D:4      | Reached skill level 5 in Fighting
  2964 | D:4      | Reached XP level 7. HP: 52/54 MP: 7/7
  2969 | D:4      | HP: 9/54 [slave[Pikel] (5)]
  2970 | D:4      | Reached skill level 10 in Fighting
  2970 | D:4      | Reached skill level 9 in Long Blades
  2970 | D:4      | Reached XP level 8. HP: 12/71 MP: 8/8
  2970 | D:4      | HP: 4/71 [slave[Pikel] (1)]
  2970 | D:4      | Slain by a slave

Levels and vault maps discovered:
D:1:      saegor_arrival_miasma, layout_loops_ring, minmay_misc_feat_room,
          minmay_pentomino_x4
D:2:      layout_rooms, chequers_ecumenical_altar_lobes
D:3:      kennysheep_goblin_castle, layout_loops_corners, old_standard_altar,
          chequers_temple_overflow_statue_of_worship, gammafunk_ghost_cemetery
D:4:      layout_layer_cave, zin_statuary, uniq_pikel

Skill      XL: |  1  2  3  4  5  6  7 |
---------------+----------------------+-----
Maces & Flails | 3 4 |  4.0
Fighting       | 4 5 10 | 10.2
Long Blades    | 1 4 9 |  9.5
Armour         | |  1.3
Dodging        | |  0.6

Action                   |  1- 3 |  4- 6 |  7- 9 || total
-------------------------+-------+-------+-------++-------
Melee: Mace              |   135 |   102 |       ||   237
       Kick              |    17 |    22 |       ||    39
       Demon blade       |       |    44 |     5 ||    49
Evoke: Wand              |       |     7 |       ||     7
  Use: Scroll            |       |     5 |       ||     5
       Potion            |       |     1 |     1 ||     2
 Stab: Paralysed         |       |     5 |       ||     5
       Invisible         |       |     2 |       ||     2
  Eat: Ration            |       |     1 |       ||     1
       Chunk             |       |     1 |       ||     1
Armor: Plate armour      |   137 |   129 |     8 ||   274
       Leather armour    |     8 |       |       ||     8
Dodge: Dodged            |    13 |    30 |       ||    43
       Rpst.: Demon blade |       |     1 |       ||     1

Table legend:
 A = Non-vault XP
 B = Vault XP
 C = Vault XP percentage of total XP
 D = Non-vault monster count
 E = Vault monster count
 F = Vault count percentage of total count
                 A         B        C        D         E       F
            +---------+---------+-------+---------+---------+-------
      Total |     351 |     392 |  52.8 |      67 |      17 |  20.2
            +---------+---------+-------+---------+---------+-------
        D:1 |      50 |       6 |  10.7 |      28 |       4 |  12.5
        D:2 |      61 |       0 |   0.0 |      16 |       0 |   0.0
        D:3 |      23 |     386 |  94.4 |      13 |      13 |  50.0
        D:4 |     217 |       0 |   0.0 |      10 |       0 |   0.0
            +---------+---------+-------+---------+---------+-------

Levels and vault maps discovered:
D:1:      saegor_arrival_miasma, layout_loops_ring, minmay_misc_feat_room,
          minmay_pentomino_x4
D:2:      layout_rooms, chequers_ecumenical_altar_lobes
D:3:      kennysheep_goblin_castle, layout_loops_corners, old_standard_altar,
          chequers_temple_overflow_statue_of_worship, gammafunk_ghost_cemetery
D:4:      layout_layer_cave, zin_statuary, uniq_pikel

Table legend:
 A = Turns spent in this place as a percentage of turns spent in the entire game.
 B = Non-inter-level travel turns spent in this place as a percentage of non-inter-level travel turns spent in the entire game.
 C = Inter-level travel turns spent in this place as a percentage of turns spent in this place.
 D = Turns resting spent in this place as a percentage of non-inter-level travel turns spent in this place.
 E = Turns spent auto-exploring this place as a percentage of non-inter-level travel turns spent in this place.
 F = Non-inter-level travel turns spent in this place divided by the number of levels of this place that you've seen.
                   A       B       C       D       E      F
               +-------+-------+-------+-------+-------+----------------------
         Total | 100.0 | 100.0 |   3.7 |  11.5 |  64.3 | 715.0
       Dungeon | 100.0 | 100.0 |   3.7 |  11.5 |  64.3 | 715.0
               +-------+-------+-------+-------+-------+----------------------

Table legend:
 A = Kills in this place as a percentage of kills in entire the game.
 B = Kills by you in this place as a percentage of kills by you in the entire game.
 C = Kills by friends in this place as a percentage of kills by friends in the entire game.
 D = Other kills in this place as a percentage of other kills in the entire game.
 E = Experience gained in this place as a percentage of experience gained in the entire game.
 F = Experience gained in this place divided by the number of levels of this place that you have seen.
                   A       B       C       D       E      F
               +-------+-------+-------+-------+-------+----------------------
         Total | 100.0 | 100.0 | 100.0 |   N/A | 100.0 | 185.8
       Dungeon | 100.0 | 100.0 | 100.0 |   N/A | 100.0 | 185.8
               +-------+-------+-------+-------+-------+----------------------
